Construct Section Command Post
Selects Heavy Armor Battlegroup
Construct Platoon Command Post
Unlock M3 Stuart Light Tanks
Selects Engineer Detachments
Selects Forward Repair Assembly
Construct Company Command Post
Selects UNKNOWN (2162094)
Unlock Towed 17-pounder Anti-tank Guns
17-pounder Anti-tank Gun Team
Selects Light Vehicle Withdraw and Refit
Selects Designate Targets
Selects UNKNOWN (2162094)
17-pounder Anti-tank Gun Team
Selects Churchill Black Prince Heavy Tank
Churchill Black Prince Heavy Tank
Light Vehicle Withdraw and Refit
6-pounder Anti-tank Gun Team